 Dungeon Sprint DCSS version 0.24-a0-243-g8f5f5cd (webtiles) character file.

Game seed: 8579366217924173181

5733 MikeHunt the Spear-Bearer (level 10, -7/153 HPs)
             Began as a Naga Fighter on Apr 10, 2019.
             Was an Initiate of Gozag.
             Mangled by a spriggan defender
             ... wielding a +2 demon whip of electrocution
              (13 damage)
             ... in the Dungeon (Sprint IV: "Fedhas' Mad Dash").
             The game lasted 00:11:12 (2795 turns).

MikeHunt the Spear-Bearer (Naga Fighter)            Turns: 2795, Time: 00:11:13

Health: -7/153     AC: 17    Str: 25    XL:     10   Next: 77%
Magic:  15/15      EV: 10    Int:  8    God:    Gozag
Gold:   880        SH: 14    Dex: 13    Spells: 9/9 levels left

rFire    . . .     SeeInvis +   a - +0 trident
rCold    . . .     Gourm    .   r - +2 shield {AC+3}
rNeg     . . .     Faith    .   b - +3 chain mail
rPois    +         Spirit   .   q - +1 hat
rElec    .         Reflect  .   (no cloak)
rCorr    .         Harm     .   (no gloves)
MR       +....     NoTele   +   (no barding)
Stlth    ..........             o - amulet of rage
HPRegen  0.35/turn              (no ring)
MPRegen  0.14/turn              (no ring)

@: berserking (expiring), quick
A: large, see invisible, deformed body, poison resistance, slowness 2, slow
metabolism 1, spit poison 1, AC +3
a: Spit Poison, Potion Petition, Call Merchant, Bribe Branch, Renounce Religion,
Evoke Berserk Rage


You were in the Dungeon.
You worshipped Gozag.
Gozag was pleased with you.
You were not hungry.

You visited 1 branch You collected 1944 gold pieces.
You spent 1064 gold pieces at shops.

Inventory:

Hand Weapons
 a - a +0 trident (weapon)
 l - a +2 antimagic lajatang
Missiles
 d - 5 tomahawks
 m - 5 javelins (quivered)
Armour
 b - a +3 chain mail (worn)
 p - a +2 leather armour of cold resistance
 q - a +1 hat (worn)
 r - a +2 shield of protection (worn)
Jewellery
 j - the amulet of invisibility {+Inv}
   (You found it in the Dungeon)

   [amulet of nothing]

   It lets you turn invisible.
 o - an amulet of rage (around neck)
Scrolls
 k - a scroll of blinking
Potions
 c - a potion of agility {unknown}
 e - a potion of curing
 g - 3 potions of heal wounds
 h - a potion of haste
 i - 2 potions of magic


   Skills:
 + Level 10.0 Fighting
 - Level 14.1 Polearms
 + Level 8.4 Armour
 + Level 7.9 Dodging
 - Level 9.4 Shields
 + Level 7.6 Evocations


You had 9 spell levels left.
You didn't know any spells.
Your spell library contained the following spells:

 Spells                   Type           Power        Failure   Level  Hunger
 Confusing Touch          Hex            #.....       93%         1    ##.....
 Corona                   Hex            #......      93%         1    ##.....
 Ensorcelled Hibernation  Hex/Ice        #.....       98%         2    ###....
 Confuse                  Hex            #.......     100%        3    ####...
 Dazzling Spray           Conj/Hex       #.....       100%        3    ####...
 Gell's Gravitas          Tloc           #.........   100%        3    ####...
 Tukima's Dance           Hex            #.......     100%        3    ####...
 Petrify                  Tmut/Erth      #.......     100%        4    #####..
 Metabolic Englaciation   Hex/Ice        #.........   100%        5    ######.
 Yara's Violent Unravell  Hex/Tmut       #.........   100%        5    ######.
 Haunt                    Necr/Summ      #.........   100%        7    #######
 Borgnjor's Revivificati  Necr           #.........   100%        8    #######
 Death's Door             Chrm/Necr      #.........   100%        8    #######
 Infestation              Necr           #.........   100%        8    #######
 Necromutation            Tmut/Necr      #.........   100%        8    #######


Dungeon Overview and Level Annotations

Branches:
Dungeon (1/1)

Altars:
Cheibriados
Dithmenos
Elyvilon
Gozag
Hepliaklqana
Kikubaaqudgha
Makhleb
Nemelex Xobeh
Okawaru
Qazlal
Ru
Sif Muna
Trog
Uskayaw
Vehumet
Wu Jian
Xom
Yredelemnul
Zin
The Shining One
Beogh
Jiyva
Lugonu

Shops:
D }=:}[!

Annotations:
D exclusion: 2 oklob plants


Innate Abilities, Weirdness & Mutations

You cannot wear boots.
Your serpentine skin is tough. (AC +3)
You have supernaturally acute eyesight. (SInv)
Armour fits poorly on your strangely shaped body.
Your system is resistant to poisons. (rPois)
You cover ground very slowly.
You have a slow metabolism.
You can spit poison.


Message History

The spriggan defender blocks your attack.
The spriggan defender is severely wounded.
The spriggan defender hits you with a +2 demon whip of electrocution!!
You are electrocuted!!
* * * LOW HITPOINT WARNING * * *
The spriggan defender blocks your attack.
The spriggan defender is severely wounded.
You puncture the spriggan defender!
The spriggan defender is almost dead.
The spriggan defender hits you with a +2 demon whip of electrocution.
* * * LOW HITPOINT WARNING * * *
You are electrocuted!
* * * LOW HITPOINT WARNING * * *
The spriggan defender blocks your attack.
The spriggan defender is almost dead.
The spriggan defender hits you with a +2 demon whip of electrocution!
* * * LOW HITPOINT WARNING * * *
You are electrocuted!
You die...
Your body crumbles into a pile of gold.

###############..P.[
♣♣..♣)###.'..+.....?
..♣..♣##..#..#.P...5
♣♣.♣..###.##)# .P.P.
.♣...♣'...#♣.♣######
###########.....####
#..♣..♣....###
#...♣......♣...♣##
......♣....@i.∩...|
###################
$$ $$ $$


$$$$ $ You could see a spriggan defender.

Vanquished Creatures
  Agnes (D)
  A spriggan berserker (D)
  A spriggan druid (D)
  3 oklob plants (D)
  A moth of wrath (D)
  3 wandering mushrooms (D)
  3 burning bushes (D)
  A queen bee (D)
  2 scorpions (D)
  4 killer bees (D)
  5 oklob saplings (D)
  A worker ant (D)
  2 spriggans (D)
  A river rat (D)
  A rat (D)
  A ballistomycete (D)
31 creatures vanquished.

Vanquished Creatures (others)
  A ballistomycete spore (D)
  A bush (D)
  2 fungi (D)
4 creatures vanquished.

Grand Total: 35 creatures vanquished

Notes
Turn   | Place    | Note
-------+----------+-------------------------------------------
     0 | D        | MikeHunt the Naga Fighter began the quest for the Orb.
     0 | D        | Reached XP level 1. HP: 21/21 MP: 1/1
     5 | D        | Reached skill level 3 in Polearms
     5 | D        | Reached XP level 2. HP: 28/28 MP: 2/2
    18 | D        | Noticed an oklob sapling
    20 | D        | Killed an oklob sapling
    20 | D        | Reached skill level 4 in Polearms
    20 | D        | Reached XP level 3. HP: 25/34 MP: 3/3
    23 | D        | Found the amulet of invisibility {+Inv}
    28 | D        | Reached skill level 5 in Polearms
    28 | D        | Reached skill level 5 in Shields
    28 | D        | Reached XP level 4. HP: 11/42 MP: 4/4
   260 | D        | Found an opulent altar of Gozag.
   260 | D        | Found a hazy altar of Hepliaklqana.
   260 | D        | Found a roughly hewn altar of Beogh.
   260 | D        | Found a snail-covered altar of Cheibriados.
   261 | D        | Found a viscous altar of Jiyva.
   261 | D        | Found a burning altar of Makhleb.
   261 | D        | Found a sparkling altar of Nemelex Xobeh.
   261 | D        | Found a sacrificial altar of Ru.
   261 | D        | Found a deep blue altar of Sif Muna.
   261 | D        | Found a bloodstained altar of Trog.
   261 | D        | Found an ornate altar of the Wu Jian Council.
   261 | D        | Found a shimmering altar of Xom.
   261 | D        | Found a basalt altar of Yredelemnul.
   261 | D        | Noticed an oklob sapling priest
   262 | D        | Found an iron altar of Okawaru.
   262 | D        | Found a glowing silver altar of Zin.
   262 | D        | Found a shadowy altar of Dithmenos.
   263 | D        | Found a hide-covered altar of Uskayaw.
   263 | D        | Found an ancient bone altar of Kikubaaqudgha.
   264 | D        | Found a stormy altar of Qazlal.
   264 | D        | Found a white marble altar of Elyvilon.
   264 | D        | Found a glowing golden altar of the Shining One.
   265 | D        | Became a worshipper of Gozag Ym Sagoz the Greedy
   266 | D        | Found a radiant altar of Vehumet.
   266 | D        | Found a corrupted altar of Lugonu.
   280 | D        | Killed an oklob sapling priest
   280 | D        | Reached skill level 6 in Polearms
   462 | D        | Reached skill level 7 in Polearms
   462 | D        | Reached XP level 5. HP: 49/49 MP: 2/5
   783 | D        | Reached skill level 8 in Polearms
   790 | D        | Reached skill level 9 in Polearms
   790 | D        | Reached XP level 6. HP: 56/56 MP: 6/6
   803 | D        | Found Fitax's Jewellery Shop.
   803 | D        | Found Moj Soaf's Gadget Emporium.
   807 | D        | Noticed a burning bush
   807 | D        | Noticed a wandering mushroom
   808 | D        | Noticed a wandering mushroom
   818 | D        | Killed a wandering mushroom
   818 | D        | Reached skill level 10 in Polearms
   818 | D        | Reached XP level 7. HP: 46/62 MP: 7/7
   827 | D        | Killed a burning bush
   827 | D        | Reached skill level 12 in Polearms
   837 | D        | Killed a wandering mushroom
   837 | D        | Reached skill level 13 in Polearms
   837 | D        | Reached XP level 8. HP: 55/69 MP: 8/8
   879 | D        | Bought an uncursed amulet of rage for 480 gold pieces
   886 | D        | Found Ramm's Antique Armour Shoppe.
   887 | D        | Found Posujum's Distillery.
   902 | D        | Bought a runed hat for 154 gold pieces
   909 | D        | Bought 2 potions of heal wounds for 100 gold pieces
   984 | D        | Noticed a queen bee
   996 | D        | Reached skill level 1 in Evocations
  1007 | D        | Killed a queen bee
  1007 | D        | Reached skill level 14 in Polearms
  1136 | D        | Noticed an oklob plant
  1143 | D        | Killed an oklob plant
  1143 | D        | Reached XP level 9. HP: 75/75 MP: 11/14
  1256 | D        | Noticed a burning bush
  1269 | D        | Killed a burning bush
  1269 | D        | Reached skill level 1 in Dodging
  1282 | D        | Noticed a burning bush
  1282 | D        | Noticed an oklob plant
  1399 | D        | Killed a burning bush
  1442 | D        | Bought a glowing shield for 165 gold pieces
  1461 | D        | Bought a runed chain mail for 165 gold pieces
  1520 | D        | Noticed a wandering mushroom
  1552 | D        | Killed an oklob plant
  1552 | D        | Reached skill level 5 in Armour
  1775 | D        | Noticed a spriggan druid
  1799 | D        | Killed a spriggan druid
  1799 | D        | Reached skill level 5 in Dodging
  1828 | D        | Noticed an oklob plant conjurer
  2150 | D        | Killed an oklob plant conjurer
  2150 | D        | Reached XP level 10. HP: 94/94 MP: 15/15
  2277 | D        | Noticed an oklob plant
  2277 | D        | Noticed an oklob plant summoner
  2427 | D        | Noticed Agnes
  2461 | D        | Killed Agnes
  2689 | D        | Noticed a moth of wrath
  2697 | D        | Killed a moth of wrath
  2701 | D        | Found Ijiot's Book Emporium.
  2701 | D        | Noticed a spriggan berserker
  2725 | D        | Killed a spriggan berserker
  2725 | D        | Reached skill level 10 in Fighting
  2773 | D        | Found Hioblat's Gadget Shoppe.
  2775 | D        | Noticed a spriggan defender
  2795 | D        | HP: 6/153 [spriggan defender/+2 demon whip of electrocution
                  | (8)]
  2795 | D        | Mangled by a spriggan defender

Levels and vault maps discovered:
D:        dungeon_sprint_fedhas [sprint_temple]

Skill      XL: |  1  2  3  4  5  6  7  8  9 10 |
---------------+-------------------------------+-----
Polearms       | 3 4 5 7 9 10 13 14 | 14.1
Shields        | 3 4 5 6 7 9 |  9.4
Evocations     | 7 |  7.6
Armour         | 6 8 |  8.4
Dodging        | 5 7 |  7.9
Fighting       | 7 10 | 10.0

Action                   |  1- 3 |  4- 6 |  7- 9 | 10-12 || total
-------------------------+-------+-------+-------+-------++-------
Melee: Trident           |     9 |    37 |   124 |    83 ||   253
Invok: Potion Petition   |       |       |       |     1 ||     1
 Abil: Spit Poison       |     1 |       |     1 |     2 ||     4
       Evoke Invisibilit |       |     3 |     2 |       ||     5
       Evoke Berserk Rag |       |       |     4 |     3 ||     7
  Use: Potion            |     1 |     1 |       |       ||     2
 Stab: Invisible         |       |     2 |     4 |       ||     6
       Distracted        |       |       |     1 |       ||     1
  Eat: Ration            |       |       |     2 |     2 ||     4
Armor: Scale mail        |       |     1 |       |       ||     1
       Leather armour    |       |       |     6 |       ||     6
       Chain mail        |       |       |     2 |     5 ||     7
Dodge: Dodged            |       |     5 |    14 |     7 ||    26
Block: Shield            |     3 |     5 |    17 |    24 ||    49

Table legend:
 A = Non-vault XP
 B = Vault XP
 C = Vault XP percentage of total XP
 D = Non-vault monster count
 E = Vault monster count
 F = Vault count percentage of total count
                 A         B        C        D         E       F
            +---------+---------+-------+---------+---------+-------
      Total |       0 |    8191 | 100.0 |       0 |      30 | 100.0
            +---------+---------+-------+---------+---------+-------
          D |       0 |    8191 | 100.0 |       0 |      30 | 100.0
            +---------+---------+-------+---------+---------+-------
